 Dungeon Crawl Stone Soup version 0.31-a0-1165-g196b491b36 (webtiles) character file.

Game seed: 15547294594693564083

16148 quinnr the Stormcaller (level 12, -4/64 HPs)
             Began as a Tengu Air Elementalist on Dec 9, 2023.
             Was an Elder of Vehumet.
             Slain by a salamander
             ... wielding a +0 trident of venom
              (6 damage)
             ... in a volcano.
             The game lasted 00:31:38 (14660 turns).

quinnr the Stormcaller (Tengu Air Elementalist)    Turns: 14660, Time: 00:31:38

Health: -4/64      AC: 10    Str: 10    XL:     12   Next: 34%
Magic:  1/18       EV: 18    Int: 19    God:    Vehumet [****..]
Gold:   483        SH:  0    Dex: 15    Spells: 0/18 levels left

rFire   + . .        (no weapon)
rCold   + . .        z - orb {*channel}
rNeg    . . .        c - +2 robe {rC+ rF+}
rPois   +            (helmet restricted)
rElec   .            k - +1 cloak
rCorr   .            (no gloves)
SInv    .            (boots unavailable)
Will    .....        D - amulet of faith {!P}
Stlth   +++          T - +4 ring of protection
HPRegen 0.30/turn    P - ring of poison resistance
MPRegen 0.16/turn

%: acrobat, faith, channel magic (20%)
@: flying
A: beak, talons 3, evasive flight, acrobatic
a: Renounce Religion


You were in a volcano.
You worshipped Vehumet.
Vehumet was greatly pleased with you.
You visited 2 branches of the dungeon, and saw 11 of its levels.
You also visited: Sewer, Bailey and Volcano.

You collected 483 gold pieces.


Innate Abilities, Weirdness & Mutations

You have a beak for a mouth.
You have claws for feet.
Your magical flight helps you evade attacks. (EV +4)
You can magically evade attacks while moving or waiting.


   Skills:
 + Level 3.0 Fighting
 + Level 4.4 Dodging
 - Level 4.0 Stealth
 + Level 3.7 Spellcasting
 - Level 16.2 Conjurations
 + Level 0.1 Fire Magic
 - Level 16.6 Air Magic
 + Level 2.7 Poison Magic
 + Level 3.7 Evocations


You couldn't memorise any spells.
You knew the following spells:

 Your Spells              Type           Power      Damage    Failure   Level
a - Airstrike             Air            30%        2d(5-21)  1%          4
i - Swiftness             Air            61%        N/A       1%          3
m - Mephitic Cloud        Conj/Pois/Air  48%        N/A       1%          3
t - Static Discharge      Conj/Air       100%       3-8/arc   1%          2
z - Shock                 Conj/Air       100%       1d9       1%          1
X - Momentum Strike       Conj/Tloc      68%        3d9       1%          2
Y - Ignite Poison         Fire/Tmut/Pois 7%         N/A       16%         3

Your spell library contained the following spells:

 Spells                   Type           Power      Damage    Failure   Level
 Magic Dart               Conj           100%       1d8       1%          1
 Stone Arrow              Conj/Erth      68%        3d11      1%          3
 Brom's Barrelling Bould  Conj/Erth      34%        2d5       4%          4
 Flame Wave               Conj/Fire      34%        2d10      4%          4
 Sticky Flame             Conj/Fire      34%        2d5       4%          4
 Sandblast                Erth           6%         2d5       9%          1
 Inner Flame              Hex/Fire       3%         N/A       21%         3
 Call Imp                 Summ           6%         N/A       43%         2
 Ensorcelled Hibernation  Hex/Ice        6%         N/A       43%         2
 Jinxbite                 Hex            6%         N/A       43%         2
 Passwall                 Tmut/Erth      2%         N/A       43%         2
 Call Canine Familiar     Summ           3%         N/A       61%         3
 Gell's Gravitas          Tloc           3%         N/A       61%         3
 Ozocubu's Armour         Ice            3%         N/A       61%         3
 Sigil of Binding         Hex            3%         N/A       61%         3
 Teleport Other           Tloc           3%         N/A       61%         3
 Anguish                  Hex/Necr       1%         N/A       92%         4
 Dimensional Bullseye     Hex/Tloc       1%         N/A       92%         4
 Leda's Liquefaction      Hex/Erth       1%         N/A       92%         4
 Metabolic Englaciation   Hex/Ice        1%         N/A       99%         5
 Dispersal                Tloc           1%         N/A       100%        6
 Simulacrum               Ice/Necr       1%         N/A       100%        6
 Ozocubu's Refrigeration  Ice            1%         4d7       100%        7
 Polar Vortex             Ice            1%         N/A       100%        9

Inventory:

Missiles
 f - 25 poisoned darts
 v - 4 silver javelins
Armour
 a - a +0 robe
 c - a +2 robe of resistance (worn)
 k - a +1 cloak (worn)
 q - a scarf of shadows
 z - an orb of energy (worn)
 K - the +4 robe of Folly {Brill Will-∞ Int+8}
   (You found it on level 2 of the Lair of Beasts)

   Brill:     It increases the power of your magical spells and halves their MP
   cost (rounding up).
   Will-∞: It reduces your willpower to zero.
   Int+8:     It affects your intelligence (+8).
Jewellery
 D - an amulet of faith (around neck) {!P}
 P - a ring of poison resistance (right hand)
 R - a ring of resist corrosion
 T - a +4 ring of protection (left hand)
Wands
 y - a wand of mindburst (20)
 A - a wand of paralysis (18)
 B - a wand of iceblast (13)
 G - a wand of flame (24)
 H - a wand of quicksilver (1)
Scrolls
 d - 2 scrolls of blinking
 e - a scroll of fear
 h - a scroll of enchant armour
 j - 2 scrolls of torment
 m - 4 scrolls of teleportation {@r2}
 n - 3 scrolls of butterflies
 r - a scroll of poison
 t - 3 scrolls of immolation
 x - 2 scrolls of fog
 J - a scroll of silence {unknown}
Potions
 b - 5 potions of magic
 g - 4 potions of might {unknown}
 i - 3 potions of curing {@q1}
 l - a potion of enlightenment {unknown}
 o - 3 potions of degeneration {unknown}
 p - 5 potions of resistance {unknown}
 s - 2 potions of haste {unknown}
 u - 9 potions of heal wounds {unknown}
 w - 6 potions of mutation {unknown}
 C - 3 potions of brilliance {unknown}
 F - a potion of berserk rage {unknown}
 I - a potion of attraction {unknown}

Dungeon Overview and Level Annotations

Branches:
Dungeon (8/15)             Temple (0/1) D:7            Lair (3/5) D:8
  Swamp (0/4) Lair:3        Sewer (visited)          Bailey (visited)
Volcano (1/1)
  Snake: Lair:2-3    Spider: Lair:2-3

Altars:
Ashenzari
Cheibriados
Dithmenos
Makhleb
Nemelex Xobeh
Okawaru
Ru
Uskayaw
Vehumet
Yredelemnul
Zin
The Shining One

Shops:
D:2 =   D:4 [=   D:8 :

Annotations:
Lair:2 Gastronok

#≈≈≈≈≈≈≈~~.#.h.h#§≈≈≈§≈§#≈
#≈≈≈≈≈≈≈~..'..N.#.≈.≈§§#≈#
#≈≈≈≈≈≈≈~~.# #..≈≈§≈§§≈
#≈≈≈≈≈≈≈≈~.## ##.§≈≈≈≈≈≈#
#≈≈≈≈≈≈~~†..####...≈≈§§≈#≈
#≈≈≈≈≈≈≈~~........≈≈§§≈≈§#
#≈≈≈≈≈≈≈~hN.......§§≈≈≈§#≈
#≈≈≈≈≈≈≈≈≈#.######≈§§§§§§#
#≈≈≈≈≈≈≈≈@##'..##≈§≈§§§≈#≈
#≈≈≈≈≈≈≈≈≈≈####.#≈≈≈§§≈§≈#
#≈≈≈≈≈≈≈≈≈≈≈#∩∩##≈≈≈≈≈≈≈≈≈
≈≈≈≈≈≈≈≈≈≈≈####≈≈≈§§§≈≈≈≈
≈≈≈≈≈≈≈≈≈≈≈≈≈≈#§#≈#§#§≈#≈
≈≈≈≈≈≈≈≈≈≈≈≈≈≈§#≈#≈≈≈#≈≈≈
########################


You could see a salamander and a hell hog.


Message History

Casting: Airstrike (dangerous; 1% risk of failure)
Confirm with . or Enter, or press ? or * to list all spells.
Aiming: Airstrike (dangerous; 1% risk of failure)
Press: ? - help, Dir - move target, f - hell hog
Aim: a hell hog (heavily wounded, empty space bonus: 7/8)
The air twists around and strikes the hell hog!
The hell hog is severely wounded.
In the distance, the volcano erupts with a roar.
Unknown command.
Casting: Airstrike (dangerous; 1% risk of failure)
Confirm with . or Enter, or press ? or * to list all spells.
You don't have enough magic to cast this spell.
Unknown command.
Aiming: Iceblast
Press: ? - help, Shift-Dir - straight line, f/p - hell hog
Aim: a hell hog (severely wounded)
The mass of ice explodes!
The iceblast engulfs the hell hog!
The hell hog is severely wounded.
Unknown command.
Aiming: Iceblast
Press: ? - help, Shift-Dir - straight line, f/p - hell hog
Aim: a hell hog (severely wounded)
The mass of ice explodes!
The iceblast engulfs the hell hog!
The hell hog is almost dead.
The iceblast engulfs the salamander!!
The salamander is frozen!
The salamander is almost dead.
The salamander hits you from afar with a +0 trident of venom!
* * * LOW HITPOINT WARNING * * *
You are engulfed in flames.
You resist.
You die...

Skill      XL: |  1  2  3  4  5  6  7  8  9 10 11 12 |
---------------+-------------------------------------+-----
Conjurations   | 2 3 4 6 7 10 12 14 16 | 16.2
Air Magic      | 5 6 7 8 10 12 15 16 | 16.6
Evocations     | 1 2 3 |  3.7
Dodging        | 3 4 |  4.4
Fighting       | 1 3 |  3.0
Stealth        | 3 4 |  4.0
Poison Magic   | 1 2 |  2.7
Spellcasting   | 3 |  3.7
Fire Magic     | |  0.1

Action                     |  1- 3 |  4- 6 |  7- 9 | 10-12 || total
---------------------------+-------+-------+-------+-------++-------
  Melee: Unarmed           |     3 |       |     1 |    15 ||    19
         Kick              |     2 |       |     1 |     3 ||     6
         Peck              |       |       |       |     1 ||     1
   Cast: Shock             |    64 |    74 |   183 |   133 ||   454
         Static Discharge  |       |       |    32 |    65 ||    97
         Airstrike         |       |       |    25 |   119 ||   144
         Swiftness         |       |       |     1 |     8 ||     9
         Mephitic Cloud    |       |       |       |     3 ||     3
  Evoke: Wand              |       |       |       |     8 ||     8
    Use: Scroll            |       |       |    11 |     2 ||    13
         Potion            |       |       |       |     1 ||     1
 Armour: Robe              |     8 |     3 |    65 |   172 ||   248
  Dodge: Dodged            |     7 |     6 |    39 |   151 ||   203

Levels and vault maps discovered:
D:1:      amcnicky_arrival_single_pillar, layout_basic, minmay_misc_feat_columns
D:2:      layout_loops_cross, ebering_ecumenical_altar_sacrificial,
          serial_shops, shop, uniq_natasha
D:3:      layout_basic
D:4:      layout_basic, lemuel_coloured_pillars_altar,
          okawaru_metal_pillars_1_2, serial_shops,
          nicolae_shop_getting_attention, nicolae_shop_trees
D:5:      layout_basic
D:6:      layout_basic, mainiacjoe_overflow_alcove_4, ashenzari_altar_1,
          mainiacjoe_overflow_divided_tiny, gup_sewer_entry_glass,
          uniq_crazy_yiuf_cottage, uniq_menkaure, uniq_jeremiah
D:7:      layout_gridville, minmay_temple_entry_nine_rooms,
          hangedman_decor_diamond_cutter, chequers_serial_rivers_marsh,
          uniq_pikel
D:8:      layout_basic, nicolae_uskayaw_suspiria, grunt_temple_overflow_open,
          slow_altar_1, nicolae_overflow_crystal_walls, hellmonk_lair_entry_icy,
          serial_glass, glass_columns_b, glass_columns_a, serial_shops, shop,
          enter_bailey_3, minmay_orc_keep, uniq_maggie
Lair:1:   layout_roguey, basic_altar, infiniplex_staircase_pool,
          grunt_megastairs_5
Lair:2:   layout_cave_pods, nicolae_snake_entry_warm_welcome,
          nicolae_lair_lil_pond, minivault_11, dreamdust_deal_with_the_devil,
          uniq_gastronok
Lair:3:   layout_regular_city, swamp_mist_pool, enter_volcano_1, minivault_26,
          grunt_forest_small_clearings, uniq_urug
Volcano:  volcano_village

Notes
Turn   | Place    | Note
-------+----------+-------------------------------------------
     0 | D:1      | quinnr the Tengu Air Elementalist began the quest for the
                  | Orb.
     0 | D:1      | Reached XP level 1. HP: 10/10 MP: 4/4
   200 | D:1      | Identified a +2 robe of resistance
   257 | D:1      | Reached XP level 2. HP: 14/15 MP: 0/6
   734 | D:1      | Reached skill level 2 in Conjurations
   782 | D:1      | You fall into a shaft and drop 1 floor!
   797 | D:2      | Reached XP level 3. HP: 19/19 MP: 2/7
  1037 | D:2      | Found Weashruka's Jewellery Shop.
  1189 | D:2      | Noticed Natasha
  1449 | D:2      | Found a faded altar of an unknown god.
  1727 | D:2      | Killed Natasha
  1728 | D:2      | Reached skill level 3 in Conjurations
  1728 | D:2      | Reached XP level 4. HP: 12/24 MP: 0/8
  1802 | D:1      | Learned a level 2 spell: Static Discharge
  1947 | D:3      | Reached skill level 5 in Air Magic
  2957 | D:4      | Found Uniqahuh's Armour Shoppe.
  3039 | D:4      | Noticed a scorpion
  3057 | D:4      | Killed a scorpion
  3058 | D:4      | Reached skill level 4 in Conjurations
  3058 | D:4      | Reached XP level 5. HP: 28/28 MP: 5/9
  3211 | D:4      | Reached skill level 6 in Air Magic
  3249 | D:4      | Reached XP level 6. HP: 32/32 MP: 3/10
  3327 | D:4      | Reached skill level 5 in Conjurations
  3435 | D:4      | Found a basalt altar of Yredelemnul.
  3647 | D:4      | Found Rili's Jewellery Shoppe.
  3658 | D:4      | Found an iron altar of Okawaru.
  3679 | D:4      | Reached skill level 7 in Air Magic
  3759 | D:4      | Reached skill level 6 in Conjurations
  3759 | D:4      | Gained mutation: Your magical flight helps you evade
                  | attacks. (EV +4) [Tengu growth]
  3759 | D:4      | Reached XP level 7. HP: 36/36 MP: 5/11
  4015 | D:5      | Entered Level 5 of the Dungeon
  4500 | D:5      | Reached skill level 7 in Conjurations
  4500 | D:5      | Reached skill level 8 in Air Magic
  5046 | D:5      | Learned a level 4 spell: Airstrike
  5246 | D:6      | Found a glowing drain.
  5257 | D:6      | Reached XP level 8. HP: 25/41 MP: 7/12
  5263 | Sewer    | Entered a sewer
  5492 | Sewer    | Reached skill level 8 in Conjurations
  5492 | Sewer    | Reached skill level 9 in Air Magic
  6126 | D:6      | Noticed Jeremiah
  6186 | D:6      | Killed Jeremiah
  6187 | D:6      | Reached skill level 9 in Conjurations
  6187 | D:6      | Reached skill level 10 in Air Magic
  6472 | D:6      | Found a broken altar of Ashenzari.
  6734 | D:6      | Noticed Menkaure
  6735 | D:6      | Killed Menkaure
  6736 | D:6      | Reached skill level 10 in Conjurations
  6736 | D:6      | Reached skill level 1 in Evocations
  6736 | D:6      | Reached XP level 9. HP: 45/45 MP: 13/13
  6752 | D:6      | Found a runed translucent door.
  6753 | D:6      | Noticed Crazy Yiuf
  6813 | D:6      | Learned a level 3 spell: Swiftness
  6993 | D:6      | Reached skill level 11 in Air Magic
  7063 | D:6      | Reached skill level 2 in Evocations
  7466 | D:6      | Found a glowing silver altar of Zin.
  7467 | D:6      | Found a glowing golden altar of the Shining One.
  7521 | D:6      | Reached skill level 11 in Conjurations
  7620 | D:6      | Found a radiant altar of Vehumet.
  7638 | D:6      | Became a worshipper of Vehumet
  7709 | D:6      | Killed Crazy Yiuf
  7894 | D:7      | Reached skill level 12 in Air Magic
  8025 | D:7      | Found a staircase to the Ecumenical Temple.
  8531 | D:7      | Noticed Pikel
  8545 | D:7      | Killed Pikel
  8546 | D:7      | Reached skill level 12 in Conjurations
  8546 | D:7      | Reached XP level 10. HP: 19/50 MP: 1/14
  8825 | D:8      | Reached skill level 13 in Air Magic
  8835 | D:8      | Found a flagged portal.
  8842 | Bailey   | Entered a bailey
  8982 | Bailey   | Reached * piety under Vehumet
  8982 | Bailey   | Offered knowledge of Freeze by Vehumet.
  9614 | D:8      | Reached ** piety under Vehumet
  9654 | D:8      | Found a shadowy altar of Dithmenos.
  9662 | D:8      | Offered knowledge of Momentum Strike by Vehumet.
  9697 | D:8      | Learned a level 2 spell: Momentum Strike
  9800 | D:8      | Reached skill level 13 in Conjurations
  9830 | D:8      | Found Eci Xauf's Book Emporium.
 10024 | D:8      | Found a snail-covered altar of Cheibriados.
 10150 | D:8      | Found a burning altar of Makhleb.
 10152 | D:8      | Found a sacrificial altar of Ru.
 10585 | D:8      | Reached skill level 14 in Air Magic
 10603 | D:8      | Found a staircase to the Lair.
 10618 | D:8      | Noticed Maggie
 10622 | D:8      | Killed Maggie
 10885 | D:8      | Offered knowledge of Searing Ray by Vehumet.
 10972 | D:8      | Found a hide-covered altar of Uskayaw.
 11078 | Lair:1   | Entered Level 1 of the Lair of Beasts
 11082 | Lair:1   | Reached skill level 14 in Conjurations
 11231 | Lair:1   | Noticed a cane toad
 11237 | Lair:1   | Killed a cane toad
 11377 | Lair:1   | Reached *** piety under Vehumet
 11378 | Lair:1   | Reached skill level 15 in Air Magic
 11378 | Lair:1   | Reached XP level 11. HP: 54/54 MP: 10/15
 11583 | D:8      | Reached skill level 15 in Conjurations
 11971 | Lair:1   | Found a sparkling altar of Nemelex Xobeh.
 11993 | Lair:1   | Offered knowledge of Fulminant Prism by Vehumet.
 11994 | Lair:1   | Reached skill level 16 in Air Magic
 12505 | Lair:1   | Reached skill level 16 in Conjurations
 13116 | Lair:1   | Learned a level 3 spell: Mephitic Cloud
 13201 | Lair:2   | Noticed Gastronok
 13413 | Lair:1   | Upgraded the game from 0.31-a0-1163-gcee99d1eea to
                  | 0.31-a0-1165-g196b491b36
 13448 | Lair:2   | Reached skill level 3 in Dodging
 13529 | Lair:2   | Reached skill level 1 in Fighting
 13593 | Lair:2   | Reached skill level 3 in Stealth
 13721 | Lair:2   | Reached skill level 1 in Poison Magic
 13885 | Lair:2   | Found the +4 robe of Folly {Brill Will-∞ Int+8}
 13901 | Lair:2   | Reached **** piety under Vehumet
 13902 | Lair:2   | Reached XP level 12. HP: 29/61 MP: 1/17
 14067 | Lair:2   | Noticed a boulder beetle
 14153 | Lair:3   | Reached skill level 3 in Spellcasting
 14200 | Lair:3   | Noticed a death yak
 14204 | Lair:3   | Noticed a death yak
 14205 | Lair:3   | Killed a death yak
 14205 | Lair:3   | Offered knowledge of Ignite Poison by Vehumet.
 14205 | Lair:3   | Noticed a death yak
 14206 | Lair:3   | Reached skill level 2 in Fighting
 14206 | Lair:3   | Reached skill level 3 in Evocations
 14207 | Lair:3   | Noticed a death yak
 14227 | Lair:3   | Killed a death yak
 14228 | Lair:3   | Reached skill level 2 in Poison Magic
 14232 | Lair:3   | Killed a death yak
 14233 | Lair:3   | Reached skill level 4 in Dodging
 14233 | Lair:3   | Reached skill level 4 in Stealth
 14244 | Lair:3   | Killed a death yak
 14447 | Lair:3   | Found a dark tunnel.
 14452 | Volcano  | Entered a volcano
 14614 | Volcano  | Learned a level 3 spell: Ignite Poison
 14618 | Volcano  | Noticed a hell hog
 14652 | Volcano  | HP: 1/64 [hell hog/fireball (16)]
 14657 | Volcano  | Reached skill level 3 in Fighting
 14660 | Volcano  | HP: 2/64 [salamander/+0 trident of venom (10)]
 14660 | Volcano  | Slain by a salamander

Vanquished Creatures
  4 death yaks (Lair:3)
  Pikel (D:7)
  A torpor snail (Lair:1)
  Jeremiah (D:6)
  Maggie (D:8)
  5 komodo dragons
  6 cane toads
  A rime drake (Lair:1)
  2 polar bears
  10 blink frogs
  6 yaks (Lair:1)
  A steam dragon (D:7)
  2 basilisks (Lair:2)
  Menkaure (D:6)
  11 water moccasins
  A hell hound (Volcano)
  4 orc warriors
  8 ice beasts
  A black bear (D:6)
  2 sky beasts
  A centaur (D:8)
  2 phantoms
  8 wolves
  3 ogres
  2 lemures (D:7)
  A kobold brigand (Sewer)
  3 bullfrogs
  4 scorpions
  6 wights
  2 howler monkeys
  Crazy Yiuf (D:6)
  4 orc priests
  4 jellies
  2 hounds
  An iron imp (D:8)
  2 sleepcaps
  4 iguanas
  Natasha (D:2)
  7 orc wizards
  11 gnolls (Bailey)
  6 adders
  2 shadow imps (D:7)
  2 white imps (D:8)
  A dart slug (D:1)
  39 orcs
  8 ball pythons
  6 bats
  7 endoplasms
  4 giant cockroaches
  8 goblins
  10 hobgoblins
  A quokka (D:4)
  6 frilled lizards
  15 kobolds
  8 rats
261 creatures vanquished.

Table legend: (Time is in decaauts)
 A = Elapsed time spent in this place.
 B = Non-inter-level travel time spent in this place.
 C = Inter-level travel time spent in this place.
 D = Time resting spent in this place.
 E = Time spent auto-exploring this place.
 F = Levels seen in this place.
 G = Mean time per level.
                   A        B        C        D        E       F      G
               +--------+--------+--------+--------+--------+-----+--------+
         Total |  14672 |  14260 |    412 |   1962 |   9630 |  14 | 1048.0 |
       Dungeon |  10374 |  10091 |    283 |    972 |   7636 |   8 | 1296.8 |
          Lair |   2794 |   2666 |    128 |    700 |   1249 |   3 |  931.3 |
         Sewer |    571 |    571 |      0 |     67 |    428 |   1 |  571.0 |
        Bailey |    720 |    720 |      0 |    214 |    276 |   1 |  720.0 |
       Volcano |    211 |    211 |      0 |      9 |     41 |   1 |  211.0 |
               +--------+--------+--------+--------+--------+-----+--------+

Top non-repeatable levels by time:
     D:8: 2165 daAuts
     D:6: 2040 daAuts
  Lair:1: 2031 daAuts
     D:5: 1203 daAuts
     D:3: 1072 daAuts
     D:4: 1061 daAuts
     D:2: 1040 daAuts
     D:7: 949 daAuts
     D:1: 841 daAuts
  Bailey: 720 daAuts
  Lair:2: 588 daAuts
   Sewer: 571 daAuts
 Volcano: 211 daAuts
  Lair:3: 174 daAuts

Table legend:
 A = Non-vault XP
 B = Vault XP
 C = Vault XP percentage of total XP
 D = Non-vault monster count
 E = Vault monster count
 F = Vault count percentage of total count
                 A         B        C        D         E       F
            +---------+---------+-------+---------+---------+-------
      Total |   17240 |    5829 |  25.3 |     168 |      91 |  35.1
            +---------+---------+-------+---------+---------+-------
        D:1 |      27 |       0 |   0.0 |      14 |       0 |   0.0
        D:2 |      44 |      35 |  44.3 |      14 |       1 |   6.7
        D:3 |      18 |       0 |   0.0 |      11 |       0 |   0.0
        D:4 |     538 |       0 |   0.0 |      21 |       0 |   0.0
        D:5 |     534 |       0 |   0.0 |      18 |       0 |   0.0
        D:6 |    1410 |     637 |  31.1 |      18 |       5 |  21.7
        D:7 |     868 |     629 |  42.0 |      15 |       1 |   6.2
        D:8 |    2005 |    2024 |  50.2 |      18 |      23 |  56.1
     Lair:1 |    5576 |    1897 |  25.4 |      21 |       8 |  27.6
     Lair:2 |    1950 |       0 |   0.0 |       8 |       0 |   0.0
     Lair:3 |    4270 |       0 |   0.0 |      10 |       0 |   0.0
      Sewer |       0 |     133 | 100.0 |       0 |      26 | 100.0
     Bailey |       0 |     332 | 100.0 |       0 |      26 | 100.0
    Volcano |       0 |     142 | 100.0 |       0 |       1 | 100.0
            +---------+---------+-------+---------+---------+-------

Levels and vault maps discovered:
D:1:      amcnicky_arrival_single_pillar, layout_basic, minmay_misc_feat_columns
D:2:      layout_loops_cross, ebering_ecumenical_altar_sacrificial,
          serial_shops, shop, uniq_natasha
D:3:      layout_basic
D:4:      layout_basic, lemuel_coloured_pillars_altar,
          okawaru_metal_pillars_1_2, serial_shops,
          nicolae_shop_getting_attention, nicolae_shop_trees
D:5:      layout_basic
D:6:      layout_basic, mainiacjoe_overflow_alcove_4, ashenzari_altar_1,
          mainiacjoe_overflow_divided_tiny, gup_sewer_entry_glass,
          uniq_crazy_yiuf_cottage, uniq_menkaure, uniq_jeremiah
D:7:      layout_gridville, minmay_temple_entry_nine_rooms,
          hangedman_decor_diamond_cutter, chequers_serial_rivers_marsh,
          uniq_pikel
D:8:      layout_basic, nicolae_uskayaw_suspiria, grunt_temple_overflow_open,
          slow_altar_1, nicolae_overflow_crystal_walls, hellmonk_lair_entry_icy,
          serial_glass, glass_columns_b, glass_columns_a, serial_shops, shop,
          enter_bailey_3, minmay_orc_keep, uniq_maggie
Lair:1:   layout_roguey, basic_altar, infiniplex_staircase_pool,
          grunt_megastairs_5
Lair:2:   layout_cave_pods, nicolae_snake_entry_warm_welcome,
          nicolae_lair_lil_pond, minivault_11, dreamdust_deal_with_the_devil,
          uniq_gastronok
Lair:3:   layout_regular_city, swamp_mist_pool, enter_volcano_1, minivault_26,
          grunt_forest_small_clearings, uniq_urug
Volcano:  volcano_village
